 Dungeon Crawl Stone Soup version 0.28-a0-925-gd5e1996cdb (webtiles) character file.

Game seed: 3651827826600018444

3318 freelancePsychic the Cleaver (level 9, -6/78 HPs)
             Began as a Demonspawn Artificer on Nov 27, 2021.
             Was a Believer of Uskayaw.
             Killed from afar by a steam dragon (11 damage)
             ... with a ball of steam
             ... on level 8 of the Dungeon.
             The game lasted 00:26:26 (9529 turns).

freelancePsychic the Cleaver (Demonspawn Artificer) Turns: 9529, Time: 00:26:27

Health: -6/78      AC:  6    Str: 16    XL:     9   Next: 71%
Magic:  14/14      EV: 10    Int: 13    God:    Uskayaw [**....]
Gold:   2137       SH:  4    Dex: 13    Spells: 8/8 levels left

rFire   . . .      SeeInvis .   a - +1 broad axe (chaos)
rCold   + + .      Faith    .   h - +0 buckler {rC+}
rNeg    . . .      Spirit   .   u - +0 ring mail
rPois   .          Reflect  .   (helmet restricted)
rElec   .          Harm     .   (no cloak)
rCorr   +          Rampage  .   (no gloves)
Will    .....                   B - +0 pair of boots
Stlth   +.........              y - amulet of regeneration
HPRegen 1.03/turn               n - ring of resist corrosion
MPRegen 0.14/turn               x - ring of protection from cold

@: studying Evocations
A: horns 2, foul stench 1, powered by death 1, robust 1
a: Renounce Religion, Stomp, Line Pass


You were on level 8 of the Dungeon.
You worshipped Uskayaw.
Uskayaw was noncommittal.
You visited 2 branches of the dungeon, and saw 9 of its levels.

You collected 2173 gold pieces.
You spent 36 gold pieces at shops.

Inventory:

Hand Weapons
 a - a +1 broad axe of chaos (weapon)
 b - a +0 hunting sling
 j - a +0 dagger
 k - a +0 club
 s - a +0 whip of electrocution
Missiles
 c - 3 throwing nets
 f - 60 sling bullets
 p - 339 stones (quivered)
Armour
 h - a +0 buckler of cold resistance (worn)
 u - a +0 ring mail (worn)
 B - a +0 pair of boots (worn)
Jewellery
 n - a ring of resist corrosion (left hand)
 x - a ring of protection from cold (right hand)
 y - an amulet of regeneration (around neck)
Wands
 d - a wand of charming (15)
 w - a wand of mindburst (1)
 C - a wand of paralysis (11)
Scrolls
 i - 2 scrolls of amnesia
 m - 3 scrolls of teleportation {@r4}
 o - 2 scrolls of blinking
 r - a scroll of holy word
 E - a scroll of fog {unknown}
 F - a scroll of identify {@r1}
Potions
 g - a potion of attraction
 l - a potion of ambrosia {unknown}
 q - a potion of berserk rage {unknown}
 t - a potion of resistance
 v - 2 potions of curing {@q1}
 z - a potion of cancellation {unknown}
 A - a potion of flight
 D - a potion of haste {unknown}
Miscellaneous
 e - a piece from Xom's chessboard (15/15)


   Skills:
 - Level 6.8 Fighting
 * Level 9.2 Axes
 - Level 1.7 Armour
 - Level 0.8 Dodging
 - Level 0.8 Stealth
 + Level 2.3 Shields
 - Level 6.9 Invocations
 + Level 3.8 Evocations


You had 8 spell levels left.
You didn't know any spells.
Your spell library contained the following spells:

 Spells                   Type           Power      Damage    Failure   Level
 Magic Dart               Conj           0%         1d3       58%         1
 Sandblast                Erth           0%         2d4       58%         1
 Shock                    Conj/Air       0%         1d3       58%         1
 Call Imp                 Summ           0%         N/A       73%         2
 Passwall                 Tmut/Erth      0%         N/A       73%         2
 Mephitic Cloud           Conj/Pois/Air  0%         N/A       91%         3
 Stone Arrow              Conj/Erth      0%         3d7       91%         3
 Swiftness                Air            0%         N/A       91%         3
 Airstrike                Air            0%         N/A       100%        4


Dungeon Overview and Level Annotations

Branches:
Dungeon (8/15)             Temple (1/1) D:5
   Lair: D:8-11

Altars:
Cheibriados
Dithmenos
Fedhas
Hepliaklqana
Makhleb
Nemelex Xobeh
Okawaru
Ru
Sif Muna
Trog
Uskayaw
Vehumet
Wu Jian
Xom
Zin
The Shining One

Shops:
D:1 (

Annotations:
D:2 Sigmund


Innate Abilities, Weirdness & Mutations

You have a pair of horns on your head.
You may rarely emit foul miasma when damaged in melee.
You regenerate a little health from kills.
You are robust. (+10% HP)


Message History

You are too injured to fight recklessly!
You are too injured to fight recklessly!
You are too injured to fight recklessly!
You are too injured to fight recklessly!
You are too injured to fight recklessly!
You are too injured to fight recklessly!
You barely miss the steam dragon.
The steam dragon is moderately wounded.
You are engulfed in a cloud of scalding steam.
The steam dragon bites you but does no damage.
The steam dragon barely misses you.
You slash the steam dragon!
The steam dragon flickers and vanishes!
Deactivating autopickup; reactivate with Ctrl-A.
You are engulfed in a cloud of scalding steam.
* * * LOW HITPOINT WARNING * * *
Something bites you.
* * * LOW HITPOINT WARNING * * *
Something claws you but does no damage. Something bites you but does no damage.
Something claws you but does no damage.
You can now pass through a line of other dancers.
You barely miss something. You headbutt something.
You hear a roar.
A ball of steam appears from out of thin air!
The ball of steam hits you!
* * * LOW HITPOINT WARNING * * *
Okay, then.
You feel better.
You are engulfed in a cloud of scalding steam.
* * * LOW HITPOINT WARNING * * *
Something bites you.
* * * LOW HITPOINT WARNING * * *
Something claws you.
* * * LOW HITPOINT WARNING * * *
You feel better.
You are engulfed in a cloud of scalding steam.
* * * LOW HITPOINT WARNING * * *
You hear a roar.
A ball of steam appears from out of thin air!
The ball of steam hits you!
You die...

#.# #.......#
#.# #.......#
#.# #.......##
#§#
#........#####
#.#
####...#......
#.#
###.#.#####
#§# #.#)# #§#
#.#)#### #@#
#......## #{#
#........ #.#
#........ #.#
#........ #.#
#........ #.#
#........ ...
#........ ###
#.#......
.........


There were no monsters in sight!

Vanquished Creatures
  Harold (D:7)
  A gargoyle (D:5)
  A troll (D:6)
  2 orc warriors
  An ice beast (D:5)
  2 sky beasts (D:5)
  A necrophage (D:5)
  3 ogres
  A centaur (D:5)
  3 phantoms
  A kobold brigand (D:7)
  2 scorpions (D:5)
  A water moccasin zombie (D:5)
  A centaur zombie (D:6)
  6 hounds
  2 gnoll shamans (D:6)
  An orc priest (D:5)
  A bullfrog skeleton (D:5)
  A centaur skeleton (D:6)
  2 jellies (D:7)
  Jessica (D:2)
  An iguana (D:4)
  A killer bee zombie (D:8)
  A howler monkey zombie (D:5)
  Robin (D:3)
  15 gnolls
  5 adders
  A white imp (D:7)
  An ufetubus (D:4)
  2 worms
  2 dart slugs
  22 orcs
  8 ball pythons
  5 bats
  6 endoplasms
  4 giant cockroaches
  17 goblins
  8 hobgoblins
  2 quokkas
  5 frilled lizards
  15 kobolds
  5 rats
162 creatures vanquished.

Vanquished Creatures (collateral kills)
  A giant cockroach (D:1)
  A ball python (D:2)
  A rat (D:1)
3 creatures vanquished.

Vanquished Creatures (others)
  7 plants
7 creatures vanquished.

Grand Total: 172 creatures vanquished

Notes
Turn   | Place    | Note
-------+----------+-------------------------------------------
     0 | D:1      | freelancePsychic the Demonspawn Artificer began the quest
                  | for the Orb.
     0 | D:1      | Reached XP level 1. HP: 15/15 MP: 1/1
    26 | D:1      | Found a faded altar of an unknown god.
   528 | D:1      | Gained mutation: You may rarely emit foul miasma when
                  | damaged in melee. [demonic ancestry]
   528 | D:1      | Reached XP level 2. HP: 14/22 MP: 2/2
  1374 | D:1      | Reached skill level 1 in Axes
  1459 | D:1      | Identified a scroll of acquirement
  1459 | D:1      | Acquired a +0 buckler of cold resistance
  1686 | D:1      | Found Qentysid's Weapon Emporium.
  1694 | D:1      | Bought a +0 hunting sling for 15 gold pieces
  1875 | D:2      | Reached XP level 3. HP: 14/28 MP: 3/3
  2054 | D:2      | Noticed Jessica
  2390 | D:1      | Acquired 1266 gold pieces
  2392 | D:1      | Bought 21 stones for 21 gold pieces
  2454 | D:2      | Noticed Sigmund
  2478 | D:3      | Reached skill level 2 in Axes
  2584 | D:3      | Gained mutation: You regenerate a little health from kills.
                  | [demonic ancestry]
  2584 | D:3      | Reached XP level 4. HP: 22/35 MP: 4/4
  2875 | D:3      | Noticed Robin
  2905 | D:3      | Killed Robin
  2956 | D:3      | Reached skill level 3 in Axes
  2981 | D:3      | Gained mutation: You have a pair of small horns on your
                  | head. [demonic ancestry]
  2981 | D:3      | Reached XP level 5. HP: 30/41 MP: 5/5
  4398 | D:4      | Reached skill level 4 in Axes
  4507 | D:4      | Noticed a phantom
  4553 | D:2      | Killed Jessica
  4554 | D:2      | Gained mutation: You have a pair of horns on your head.
                  | [demonic ancestry]
  4554 | D:2      | Reached XP level 6. HP: 36/48 MP: 6/6
  5922 | D:3      | Reached skill level 5 in Axes
  5922 | D:3      | Reached XP level 7. HP: 33/55 MP: 7/7
  6222 | D:4      | Identified the +1 dagger "Sechats" {flame, rElec rC++
                  | Str+4}
  6423 | D:5      | Entered Level 5 of the Dungeon
  6627 | D:5      | Acquired 569 gold pieces
  6640 | D:5      | Found a staircase to the Ecumenical Temple.
  6672 | Temple   | Entered the Ecumenical Temple
  6837 | Temple   | Became a worshipper of Uskayaw the Reveller
  6858 | D:5      | Reached * piety under Uskayaw
  6863 | D:5      | Reached ** piety under Uskayaw
  6926 | D:5      | Reached skill level 5 in Fighting
  6926 | D:5      | Reached skill level 1 in Invocations
  6928 | D:5      | Reached *** piety under Uskayaw
  6932 | D:5      | Reached skill level 6 in Axes
  6982 | D:5      | Noticed a gargoyle
  6986 | D:5      | Killed a gargoyle
  6987 | D:5      | Gained mutation: You are robust. (+10% HP) [demonic
                  | ancestry]
  6987 | D:5      | Reached XP level 8. HP: 56/69 MP: 8/10
  7111 | D:5      | Reached skill level 7 in Axes
  7770 | D:6      | Reached skill level 5 in Invocations
  7816 | D:6      | Noticed a boulder beetle
  8028 | D:6      | Reached XP level 9. HP: 45/78 MP: 12/12
  8119 | D:6      | Noticed a troll
  8129 | D:6      | Killed a troll
  8130 | D:6      | Reached skill level 8 in Axes
  8370 | D:7      | Noticed Harold
  8377 | D:7      | Reached **** piety under Uskayaw
  8596 | D:7      | Paralysed by Harold for 2 turns
  8606 | D:7      | Paralysed by Harold for 2 turns
  8608 | D:7      | Killed Harold
  8609 | D:7      | Reached skill level 9 in Axes
  8609 | D:7      | Reached skill level 1 in Shields
  8795 | D:7      | Acquired a manual of Evocations
  9529 | D:8      | Killed from afar by a steam dragon

Illustrated notes

Levels and vault maps discovered:
D:1:      sevenhm_arrival_forest_fort_small_5, layout_basic, serial_shops,
          nicolae_shop_bloodbath_and_beyond, shapermc_ecumenical_altar_venn
D:2:      layout_rooms, serial_co_window_serial, co_window_corner_a,
          co_window_paths_b, co_window_paths_a, co_window_paths_a,
          co_window_paths_a, co_window_unsneaky_path_d,
          co_window_unsneaky_path_e, co_window_unsneaky_path_d,
          co_window_of_opportunity_c, co_window_broadway_b, co_window_4corner_a,
          glass_columns_c, glass_columns_c, glass_columns_a, glass_columns_c,
          chequers_serial_rivers_small_3, minmay_cut_off, uniq_jessica,
          uniq_sigmund
D:3:      layout_basic, hex_intersection, uniq_robin
D:4:      layout_basic, minmay_close_crescents
D:5:      layout_loops_corners, minmay_temple_entry_overgrown
D:6:      layout_gridville, minmay_statues_item
D:7:      corexii_shack_village, layout_loops_ring, uniq_harold
D:8:      layout_basic, grunt_temple_overflow_open
Temple:   regret_index_temple_sphere_string

Skill      XL: |  1  2  3  4  5  6  7  8  9 |
---------------+----------------------------+-----
Fighting       | 2 3 4 5 6 |  6.8
Axes           | 1 2 3 4 5 6 7 9 |  9.2
Invocations    | 3 5 6 |  6.9
Shields        | 2 |  2.3
Armour         | |  1.7
Dodging        | |  0.8
Stealth        | |  0.8
Evocations     | |  3.8

Action                   |  1- 3 |  4- 6 |  7- 9 || total
-------------------------+-------+-------+-------++-------
Melee: Club              |    38 |       |       ||    38
       Broad axe         |    44 |    30 |   190 ||   264
       Dagger            |    26 |       |       ||    26
       Whip              |       |   114 |    40 ||   154
       Headbutt          |       |    19 |    37 ||    56
 Fire: Hunting sling     |    20 |    59 |    13 ||    92
Evoke: Wand              |     7 |     9 |    17 ||    33
       Piece from Xom's  |     1 |     4 |     1 ||     6
  Use: Scroll            |     5 |     2 |     8 ||    15
       Potion            |     2 |     2 |     4 ||     8
 Stab: Sleeping          |     1 |       |       ||     1
       Paralysed         |       |       |    14 ||    14
       Confused          |       |       |     3 ||     3
Armor: Leather armour    |    56 |    16 |       ||    72
       Ring mail         |       |    19 |    68 ||    87
       Skin              |       |       |     8 ||     8
Dodge: Dodged            |    95 |   147 |   102 ||   344
Block: Buckler           |       |       |     3 ||     3

Table legend: (Time is in decaauts)
 A = Elapsed time spent in this place.
 B = Non-inter-level travel time spent in this place.
 C = Inter-level travel time spent in this place.
 D = Time resting spent in this place.
 E = Time spent auto-exploring this place.
 F = Levels seen in this place.
 G = Mean time per level.
                   A        B        C        D        E       F      G
               +--------+--------+--------+--------+--------+-----+--------+
         Total |   9633 |   9117 |    516 |   1418 |   5854 |   9 | 1070.3 |
       Dungeon |   9453 |   8950 |    503 |   1418 |   5737 |   8 | 1181.6 |
        Temple |    180 |    167 |     13 |      0 |    117 |   1 |  180.0 |
               +--------+--------+--------+--------+--------+-----+--------+

Top non-repeatable levels by time:
     D:1: 2376 daAuts
     D:3: 1632 daAuts
     D:4: 1512 daAuts
     D:5: 1152 daAuts
     D:2: 969 daAuts
     D:7: 862 daAuts
     D:6: 576 daAuts
     D:8: 370 daAuts
  Temple: 180 daAuts
